 Dungeon Crawl Stone Soup version 0.23.2-1-ga50397a6bc (webtiles) character file.

Game seed: 2481498287098397613

1029 DildoBatman the Conjurer (level 8, -4/52 HPs)
             Began as a Formicid Wizard on Apr 19, 2019.
             Slain by an orc warrior
             ... wielding a +2 hand axe of holy wrath
              (19 damage)
             ... on level 6 of the Dungeon.
             The game lasted 00:17:43 (4621 turns).

DildoBatman the Conjurer (Formicid Wizard)          Turns: 4621, Time: 00:17:44

Health: -4/52      AC:  6    Str: 12    XL:     8   Next: 47%
Magic:  14/14      EV: 11    Int: 20    God:
Gold:   257        SH:  0    Dex:  9    Spells: 8/15 levels left

rFire    . . .     SeeInvis +   a - +1 dagger (venom)
rCold    . . .     Gourm    .   (no shield)
rNeg     . . .     Faith    .   E - +2 leather armour "Yfiok" {*Slow +Fly rPois SInv}
rPois    +         Spirit   .   (helmet unavailable)
rElec    .         Reflect  .   (no cloak)
rCorr    .         Harm     .   (no gloves)
MR       +....                  r - +0 pair of boots
Stlth    ++........             (no amulet)
HPRegen  0.17/turn              t - ring of protection from magic
MPRegen  0.14/turn              (no ring)

@: no status effects
A: permanent stasis, dig shafts and tunnels, four strong arms, antennae 3
a: Dig, Shaft Self, Evoke Flight


You were on level 6 of the Dungeon.
You were not hungry.

You visited 1 branch of the dungeon, and saw 6 of its levels.

You collected 257 gold pieces.

Inventory:

Hand Weapons
 a - a +1 dagger of venom (weapon)
 b - a +1 dagger of holy wrath
 c - a +0 hunting sling
 j - a +0 halberd
Missiles
 l - 2 javelins (quivered)
 m - 9 tomahawks
 p - 36 arrows
 s - 65 sling bullets
 D - 11 poisoned needles
Armour
 r - a +0 pair of boots (worn)
 E - the +2 leather armour "Yfiok" (worn) {*Slow +Fly rPois SInv}
   (You found it on level 5 of the Dungeon)

   It protects you from poison.
   It lets you see invisible.
   It lets you fly.
   It may slow you when you take damage.
Magical Staves
 e - an uncursed staff of power
Jewellery
 t - a ring of protection from magic (left hand)
Scrolls
 d - a scroll of remove curse {unknown}
 g - 5 scrolls of teleportation {unknown}
 i - a scroll of blinking {unknown}
 n - 2 scrolls of immolation {unknown}
 o - 2 scrolls of identify
 q - 2 scrolls of random uselessness {unknown}
 u - 2 scrolls of fog {unknown}
 y - a scroll of amnesia {unknown}
Potions
 h - a potion of heal wounds {unknown}
 k - a potion of agility
 w - a potion of ambrosia {unknown}
 x - a potion of flight {unknown}
 z - 2 potions of degeneration
 B - a potion of curing
 C - a potion of mutation {unknown}
Comestibles
 v - 13 rations
 A - 2 chunks of flesh


   Skills:
 - Level 1.7 Dodging
 - Level 2.4 Stealth
 - Level 4.0 Spellcasting
 - Level 6.0 Conjurations
   Level 1.0 Summonings
   Level 0.8 Translocations
 * Level 3.2 Fire Magic
 * Level 2.6 Air Magic
 * Level 4.3 Poison Magic


You had 8 spell levels left.
You knew the following spells:

 Your Spells              Type           Power        Failure   Level  Hunger
a - Conjure Flame         Conj/Fire      ###.....     8%          3    ###....
c - Magic Dart            Conj           ####         1%          1    None
e - Mephitic Cloud        Conj/Pois/Air  ###.....     9%          3    ###....

Your spell library contained the following spells:

 Spells                   Type           Power        Failure   Level  Hunger
 Confusing Touch          Hex            #.....       16%         1    None
 Call Imp                 Summ           #.......     16%         2    #......
 Slow                     Hex            #.......     24%         2    #......
 Gell's Gravitas          Tloc           #.........   34%         3    ###....
 Confuse                  Hex            #.......     43%         3    ###....
 Petrify                  Tmut/Erth      #.......     85%         4    ####...
 Metabolic Englaciation   Hex/Ice        #.........   99%         5    ######.
 Yara's Violent Unravell  Hex/Tmut       #.........   99%         5    ######.
 Blink                    Tloc           Unusable     N/A         2    N/A

Dungeon Overview and Level Annotations

Branches:
Dungeon (6/15)
 Temple: D:4-7

Altars:
Elyvilon
Nemelex Xobeh

Annotations:
D:3 Eustachio, Sigmund
D:4 Blork the orc


Innate Abilities, Weirdness & Mutations

You cannot be hasted, slowed, berserked, paralysed or teleported.
You can dig through walls and to a lower floor.
Your four strong arms can wield two-handed weapons with a shield.
You have a pair of large antennae on your head. (SInv)


Message History

The orc warrior is wielding a +2 hand axe of holy wrath.
There is a stone staircase leading up here.
What are your orders? t - Shout!
Orders for allies: a - Attack new target. r - Retreat! s - Stop attacking. g - Guard the area. f - Follow me.
Anything else - Cancel.
You shout for attention!
The orc warrior shouts!
The orc shouts!
What are your orders? t - Shout!
Orders for allies: a - Attack new target. r - Retreat! s - Stop attacking. g - Guard the area. f - Follow me.
Anything else - Cancel.
You shout for attention!
The orc warrior hits you with a +2 hand axe of holy wrath!!
You die...

.# .. ##. ## #..
.. .. .#
#.#..####.#..###
#..#..##........
##.##...@o.o....
#........o......
#...............
#.......#.......
#...†...#...####
#......<..$.#
##.....Z.......
#......#...###
#..Z.......#


You could see an orc warrior, 2 orcs and a centaur zombie.

Vanquished Creatures
  A bullfrog (D:5)
  A gnoll sergeant (D:5)
  A scorpion (D:5)
  A crimson imp (D:6)
  A quasit (D:5)
  A gnoll shaman (D:5)
  3 orc priests
  An iguana (D:4)
  8 orc wizards
  3 worker ants (D:5)
  A hound skeleton (D:5)
  Robin (D:2)
  11 adders
  10 gnolls
  4 oozes
  An adder skeleton (D:6)
  5 worms
  2 dart slugs
  2 leopard geckos
  13 orcs
  A ball python (D:1)
  6 giant cockroaches
  17 goblins
  11 hobgoblins
  9 jackals
  3 kobolds
  3 quokkas
  9 bats
  5 frilled lizards
  A jackal zombie (D:5)
  A quokka skeleton (D:5)
  10 rats
147 creatures vanquished.

Notes
Turn   | Place    | Note
-------+----------+-------------------------------------------
     0 | D:1      | DildoBatman the Formicid Wizard began the quest for the
                  | Orb.
     0 | D:1      | Reached XP level 1. HP: 13/13 MP: 4/4
     3 | D:1      | Reached skill level 1 in Conjurations
   154 | D:1      | Reached XP level 2. HP: 13/19 MP: 4/6
   221 | D:1      | Reached skill level 2 in Conjurations
   451 | D:1      | Reached XP level 3. HP: 21/24 MP: 2/7
   456 | D:1      | Learned a level 3 spell: Conjure Flame
   460 | D:1      | Learned a level 3 spell: Mephitic Cloud
  1192 | D:2      | Reached skill level 3 in Conjurations
  1329 | D:2      | Reached XP level 4. HP: 22/30 MP: 0/8
  1622 | D:2      | Reached skill level 4 in Conjurations
  1622 | D:2      | Reached XP level 5. HP: 35/35 MP: 3/9
  1747 | D:2      | Noticed Robin
  1760 | D:2      | Killed Robin
  2107 | D:2      | Found a sparkling altar of Nemelex Xobeh.
  2529 | D:3      | Reached skill level 5 in Conjurations
  2529 | D:3      | Reached XP level 6. HP: 22/41 MP: 10/10
  2964 | D:4      | Reached skill level 6 in Conjurations
  2971 | D:4      | Found a white marble altar of Elyvilon.
  3022 | D:4      | Noticed Sigmund
  3174 | D:4      | Reached XP level 7. HP: 46/46 MP: 8/12
  3228 | D:4      | Reached skill level 1 in Poison Magic
  3321 | D:4      | Noticed Eustachio
  3560 | D:4      | Reached skill level 1 in Fire Magic
  3797 | D:5      | Entered Level 5 of the Dungeon
  3797 | D:5      | Noticed Blork the orc
  3826 | D:5      | Reached skill level 1 in Air Magic
  4131 | D:5      | Got a faintly glowing leather armour
  4189 | D:5      | Reached XP level 8. HP: 47/52 MP: 6/14
  4396 | D:5      | Identified the +2 leather armour "Yfiok" {*Slow +Fly rPois
                  | SInv} (You found it on level 5 of the Dungeon)
  4621 | D:6      | Slain by an orc warrior

Skill      XL: |  1  2  3  4  5  6  7  8 |
---------------+-------------------------+-----
Conjurations   | 1 2 3 4 5 6 |  6.0
Poison Magic   | 2 4 |  4.3
Fire Magic     | 2 3 |  3.2
Air Magic      | 1 2 |  2.6
Spellcasting   | 4 |  4.0
Dodging        | |  1.7
Stealth        | |  2.4
Summonings     | |  1.0
Translocations | |  0.8

Action                   |  1- 3 |  4- 6 |  7- 9 || total
-------------------------+-------+-------+-------++-------
Melee: Dagger            |    27 |    95 |    97 ||   219
       Staff             |       |       |     2 ||     2
 Fire: Hunting sling     |    14 |    47 |       ||    61
 Cast: Magic Dart        |    70 |    84 |    85 ||   239
       Mephitic Cloud    |     1 |     7 |    10 ||    18
       Conjure Flame     |       |     1 |       ||     1
 Abil: Dig               |       |     8 |     9 ||    17
  Use: Scroll            |       |       |     2 ||     2
       Potion            |       |       |     1 ||     1
 Stab: Confused          |       |     3 |     4 ||     7
       Sleeping          |       |     2 |       ||     2
  Eat: Chunk             |     1 |     8 |     6 ||    15
Armor: Robe              |     5 |    21 |    18 ||    44
       Leather armour    |       |       |     9 ||     9
Dodge: Dodged            |    37 |    80 |    74 ||   191
